 Dungeon Crawl Stone Soup version 0.19-a0-1886-gd64a0f0 (webtiles) character file.

51 JeffiDaFish the Conjurer (level 3, 0/28 HPs)
             Began as a Draconian Conjurer on Oct 16, 2016.
             Succumbed to an adder's poison
             ... on level 3 of the Dungeon.
             The game lasted 00:08:02 (2638 turns).

JeffiDaFish the Conjurer (Draconian Conjurer)       Turns: 2638, Time: 00:08:03

Health: 0/28       AC:  5    Str: 10    XL:     3   Next: 57%
Magic:  3/6        EV: 12    Int: 16    God:
Gold:   232        SH:  0    Dex: 11    Spells: 2 memorised, 3 levels left

rFire  . . .     SeeInvis .     f - -3 spear (curse)
rCold  . . .     Gourm    .     (armour unavailable)
rNeg   . . .     Faith    .     (no shield)
rPois  .         Spirit   .     (helmet restricted)
rElec  .         Dismiss  .     (no cloak)
rCorr  .         Reflect  .     (no gloves)
MR     .....     Harm     .     (no boots)
Stlth  ++........               (no amulet)
                                (no ring)
                                (no ring)

@: lethally poisoned (0 -> -2)
A: unfitting armour, cold-blooded, AC +5
a: no special abilities


You were on level 3 of the Dungeon.
You were not hungry.

You visited 1 branch of the dungeon, and saw 3 of its levels.

You collected 232 gold pieces.

Inventory:

Hand Weapons
 d - a +0 short sword
 f - a cursed -3 spear (weapon)
Scrolls
 e - a scroll of enchant armour
Potions
 h - a potion of berserk rage
 k - a potion of curing
 l - a potion of haste
Books
 a - a book of Conjurations

   Spells                             Type                      Level
   a - Magic Dart                     Conjuration                  1
   b - Searing Ray                    Conjuration                  2
   c - Dazzling Spray                 Conjuration/Hexes            3
   d - Fulminant Prism                Conjuration/Hexes            4
   e - Iskenderun's Mystic Blast      Conjuration                  4
   f - Iskenderun's Battlesphere      Conjuration/Charms           5
Comestibles
 b - 2 bread rations
 c - 2 meat rations
 g - 2 beef jerkies
 i - 3 chunks of flesh
 j - a royal jelly


   Skills:
 * Level 1.0 Fighting
 + Level 0.4 Short Blades
 + Level 2.0 Dodging
 + Level 1.9 Stealth
 - Level 1.0 Unarmed Combat
 * Level 2.1 Spellcasting
 + Level 4.6 Conjurations


You had 3 spell levels left.
You knew the following spells:

 Your Spells              Type           Power        Failure   Level  Hunger
a - Magic Dart            Conj           ###.         3%          1    #......
b - Searing Ray           Conj           ###...       6%          2    ###....


Dungeon Overview and Level Annotations

Branches:
Dungeon (3/15)

Altars:
Uskayaw


Innate Abilities, Weirdness & Mutations

Your plain brown scales are hard. (AC +5)
You cannot fit into any form of body armour.
You are cold-blooded and may be slowed by cold attacks.


Message History

The hobgoblin hits you with a club.
* * * LOW HITPOINT WARNING * * *
The goblin hits you but does no damage. The adder bites you.
* * * LOW HITPOINT WARNING * * *
You hit the kobold but do no damage. The kobold barely misses you.
The hobgoblin closely misses you. The adder bites you but does no damage.
The hobgoblin hits you but does no damage.
The goblin closely misses you.
The kobold shouts!
You hit the kobold.
The kobold is heavily wounded.
The adder barely misses you. The kobold completely misses you.
The hobgoblin hits you with a club.
* * * LOW HITPOINT WARNING * * *
The hobgoblin hits you with a club.
* * * LOW HITPOINT WARNING * * *
The goblin barely misses you. The adder closely misses you.
You barely miss the kobold.
The kobold is heavily wounded.
You die...

## ##.## ######
##.#.#####.....
#.#......<.####
#...#.)......# #######
#........##.# #..K@g#
#..#<#...# #
###..ggS###..#.#......#
.......K............##.#
>.........!.....##......
####......##.###########
######.##.K. #.##.....
#.##...... #.##.#####


You could see an adder, 2 hobgoblins, a goblin and 3 kobolds.

Vanquished Creatures
  A gnoll (D:1)
  A leopard gecko (D:2)
  3 giant cockroaches
  7 goblins
  9 hobgoblins
  2 jackals (D:1)
  6 bats
  A frilled lizard (D:1)
  A kobold (D:1)
  4 rats
  A fungus (D:1)
36 creatures vanquished.

Notes
Turn   | Place    | Note
-------+----------+-------------------------------------------
     0 | D:1      | JeffiDaFish the Draconian Conjurer began the quest for the Orb.
     0 | D:1      | Reached XP level 1. HP: 14/14 MP: 3/3
   343 | D:1      | Reached XP level 2. HP: 19/20 MP: 5/5
   351 | D:1      | Learned a level 2 spell: Searing Ray
  1329 | D:1      | Reached XP level 3. HP: 22/26 MP: 1/6
  1642 | D:2      | Reached skill level 1 in Unarmed Combat
  2524 | D:3      | Found a hide-covered altar of Uskayaw.
  2634 | D:3      | Reached skill level 1 in Fighting
  2637 | D:3      | HP: 1/28 [hobgoblin/club (3)]
  2638 | D:3      | Succumbed to an adder's poison

Vault maps used:
D:1:      roderic_crop_circles_arrival_small, minmay_misc_feat_columns,
          minmay_gold_behind_fungi
D:2:      first_bread
D:3:      cheibrodos_thug_alley, eat_drink_and_be_merry_uskayaw, tso_metal_star,
          uniq_iyjb

Skill      XL: |  1  2  3 |
---------------+----------+-----
Unarmed Combat | 1 |  1.0
Dodging        | 2 |  2.0
Fighting       | 1 |  1.0
Short Blades   | |  0.4
Stealth        | |  1.9
Spellcasting   | |  2.1
Conjurations   | |  4.6

Action                   || total
-------------------------++-------
Melee: Unarmed           ||    36
       Tailslap          ||    13
       Short sword       ||    85
       Spear             ||    51
 Cast: Magic Dart        ||    19
       Searing Ray       ||     7
  Use: Potion            ||     6
       Scroll            ||     5
 Stab: Sleeping          ||     3
  Eat: Chunk             ||     2
       Meat ration       ||     1
Armor: Skin              ||    74
Dodge: Dodged            ||   153
